 Dungeon Crawl Stone Soup version 0.31-a0-210-gccc998df9b (webtiles) character file.

Game seed: 17980502486491260923

30 qw the Shooter (level 3, 0/29 HPs)
             Began as a Minotaur Hexslinger on June 29, 2023.
             Killed from afar by Sigmund (2 damage)
             ... with a magic dart
             ... on level 2 of the Dungeon.
             The game lasted 00:00:19 (721 turns).

qw the Shooter (Minotaur Hexslinger)                 Turns: 721, Time: 00:00:20

Health: 0/29       AC:  6    Str: 12    XL:     3   Next: 5%
Magic:  3/3        EV: 11    Int: 10    God:
Gold:   105        SH:  0    Dex: 14    Spells: 3/4 levels left

rFire   . . .        a - +5 shortbow (freeze)
rCold   . . .        (shield currently unavailable)
rNeg    . . .        l - +0 ring mail
rPois   .            (helmet restricted)
rElec   .            (no cloak)
rCorr   .            (no gloves)
SInv    .            g - +0 pair of boots
Will    .....        (no amulet)
Stlth   +            (no ring)
HPRegen 0.24/turn    (no ring)
MPRegen 0.08/turn

%: no passive effects
@: no status effects
A: horns 2, retaliatory headbutt
a: no special abilities


You were on level 2 of the Dungeon.
You visited 1 branch of the dungeon, and saw 2 of its levels.

You collected 105 gold pieces.


Innate Abilities, Weirdness & Mutations

You have a pair of horns on your head.
You reflexively headbutt those who attack you in melee.


   Skills:
 - Level 2.0 Fighting
 + Level 3.6 Ranged Weapons
 - Level 2.1 Dodging
 - Level 1.0 Spellcasting
 - Level 2.0 Hexes


You had 3 spell levels left.
You knew the following spells:

 Your Spells              Type           Power      Damage    Failure   Level
a - Slow                  Hex            16%        N/A       34%         1

Your spell library contained the following spells:

 Spells                   Type           Power      Damage    Failure   Level
 Inner Flame              Hex/Fire       2%         N/A       83%         3
 Portal Projectile        Hex/Tloc       4%         N/A       83%         3
 Cause Fear               Hex            2%         N/A       98%         4

Inventory:

Hand Weapons
 a - a +5 shortbow of freezing (weapon)
Armour
 g - a +0 pair of boots (worn)
 l - a +0 ring mail (worn)
Jewellery
 b - a ring of ice
Scrolls
 c - a scroll of revelation {unknown}
 d - 2 scrolls of teleportation {unknown}
 e - a scroll of summoning {unknown}
 i - a scroll of noise {unknown}
Potions
 f - a potion of enlightenment {unknown}
 h - a potion of degeneration {unknown}
 k - a potion of curing

Dungeon Overview and Level Annotations

Branches:
Dungeon (2/15)

Altars:

Annotations:
D:2 Sigmund


Message History

Sigmund moves out of view.
Enter note:
Enter note:
Enter note:
Enter note: Sigmund is nearby!
Enter note:
Enter note:
Enter note:
Enter note: You shoot an arrow.
The arrow closely misses Sigmund.
Sigmund casts a spell at you. You resist with significant effort.
You shoot an arrow. The arrow hits Sigmund.
The arrow freezes Sigmund.
Sigmund is lightly wounded.
You shoot an arrow. The arrow closely misses Sigmund.
You shoot an arrow. The arrow hits Sigmund.
The arrow freezes Sigmund.
Sigmund is heavily wounded.
Sigmund gestures at you while chanting. The puff of flame hits you.
You shoot an arrow. The arrow hits Sigmund!
The arrow freezes Sigmund.
Sigmund is almost dead.
Sigmund casts a spell.
Sigmund flickers and vanishes!
Deactivating autopickup; reactivate with Ctrl-A.
You shoot an arrow. Something hits you!
You shoot an arrow. Something hits you!
You shoot an arrow. Something hits you but does no damage.
You shoot an arrow. Something hits you.
You shoot an arrow. You shoot an arrow. Something hits you but does no damage.
You shoot an arrow.
A magic dart appears from out of thin air!
The magic dart hits you.
You die...

........####..........
..... ##...#.#....<...
#........#..##.
#)..#..#.#.##
##....##.# # #....##
.. ##.#.### >..
#......# .. #..@##)#
.........{.....
#####...#####.. #...#
.. #...# . #...# #####


There were no monsters in sight!

Vanquished Creatures
  A worm (D:2)
  2 ball pythons (D:1)
  4 bats
  2 endoplasms
  2 giant cockroaches (D:2)
  2 goblins (D:1)
  2 hobgoblins (D:1)
  3 kobolds
  A quokka (D:2)
  A frilled lizard (D:1)
  6 rats (D:1)
26 creatures vanquished.

Notes
Turn   | Place    | Note
-------+----------+-------------------------------------------
     0 | D:1      | qw the Minotaur Hexslinger began the quest for the Orb.
     0 | D:1      | Reached XP level 1. HP: 16/16 MP: 1/1
     0 | D:1      | 0 ||| qw: Version: 0.3-a-24-ga2abf7b
     0 | D:1      | 0 ||| qw: Game counter: 6791
     0 | D:1      | 0 ||| qw: Melee chars always use a shield: true
     0 | D:1      | 0 ||| qw: God list: Okawaru
     0 | D:1      | 0 ||| qw: Allow faded altars: false
     0 | D:1      | 0 ||| qw: Do Orc after clearing Dungeon:15 true
     0 | D:1      | 0 ||| qw: Do second Lair branch before Depths: true
     0 | D:1      | 0 ||| qw: Lair rune preference: random
     0 | D:1      | 0 ||| qw: Goals: Normal
     0 | D:1      | 0 ||| PLANNING D:1-11
   118 | D:1      | Reached skill level 3 in Ranged Weapons
   119 | D:1      | Reached XP level 2. HP: 23/23 MP: 2/2
   479 | D:1      | 479 ||| UPGRADING to +0 pair of boots.
   484 | D:1      | 484 ||| UPGRADING to +0 ring mail.
   494 | D:1      | 494 ||| DROPPING +0 robe.
   495 | D:1      | 495 ||| READING scroll labelled WOSMAN ZAFECH.
   496 | D:1      | 496 ||| READING scroll labelled JUIF ABO ATE.
   597 | D:1      | 597 ||| READING scroll labelled NAOT ATHRET.
   598 | D:1      | 598 ||| READING scroll labelled LOSAGE BENOL.
   598 | D:1      | Identified a scroll of acquirement
   598 | D:1      | 598 ||| ACQUIRING +5 shortbow of freezing
   598 | D:1      | Acquired a +5 shortbow of freezing
   600 | D:1      | 600 ||| SWAPPING to +5 shortbow of freezing.
   601 | D:1      | 601 ||| DROPPING +1 sling.
   602 | D:1      | 602 ||| DRINKING 2 clear potions.
   603 | D:1      | 603 ||| DROPPING scroll of poison.
   674 | D:2      | Reached XP level 3. HP: 29/29 MP: 3/3
   707 | D:2      | Noticed Sigmund
   716 | D:2      | HP: 6/29 [something (10)]
   718 | D:2      | HP: 1/29 [something (6)]
   721 | D:2      | Killed from afar by Sigmund

Levels and vault maps discovered:
D:1:      dpeg_arrival_simpleton_a, layout_rooms, nicolae_titane
D:2:      layout_rooms, uniq_sigmund, uniq_terence

Skill      XL: |  1  2 |
---------------+-------+-----
Ranged Weapons | 3 |  3.6
Fighting       | 2 |  2.0
Dodging        | |  2.1
Spellcasting   | |  1.0
Hexes          | |  2.0

Action                     || total
---------------------------++-------
   Fire: Sling             ||    32
         Shortbow          ||    29
    Use: Scroll            ||     4
         Potion            ||     1
 Armour: Ring mail         ||     4
         Robe              ||     1
  Dodge: Dodged            ||     6

Table legend:
 A = Non-vault XP
 B = Vault XP
 C = Vault XP percentage of total XP
 D = Non-vault monster count
 E = Vault monster count
 F = Vault count percentage of total count
                 A         B        C        D         E       F
            +---------+---------+-------+---------+---------+-------
      Total |      44 |       0 |   0.0 |      26 |       0 |   0.0
            +---------+---------+-------+---------+---------+-------
        D:1 |      25 |       0 |   0.0 |      17 |       0 |   0.0
        D:2 |      19 |       0 |   0.0 |       9 |       0 |   0.0
            +---------+---------+-------+---------+---------+-------
